 Dungeon Crawl Stone Soup version 0.29-a0-1027-gcd8c55af63 (webtiles) character file.

Game seed: 5725356568531487841

7564 greenreed the Basher (level 10, -1/90 HPs)
             Began as a Minotaur Monk on Aug 12, 2022.
             Was an Elder of Makhleb.
             Slain by a wyvern (7 damage)
             ... on level 10 of the Dungeon.
             The game lasted 00:28:12 (12081 turns).

greenreed the Basher (Minotaur Monk)               Turns: 12081, Time: 00:28:12

Health: -1/90      AC:  6    Str: 19    XL:     10   Next: 96%
Magic:  16/16      EV: 10    Int:  7    God:    Makhleb [****..]
Gold:   459        SH:  0    Dex: 14    Spells: 9/9 levels left

rFire   . . .      SeeInvis +   L - +0 morningstar
rCold   . . .      Faith    .   (no shield)
rNeg    . . .      Spirit   .   F - +0 chain mail
rPois   +          Reflect  .   (helmet restricted)
rElec   .          Harm     .   (no cloak)
rCorr   .          Rampage  .   (no gloves)
Will    .....                   (no boots)
Stlth   ..........              (no amulet)
HPRegen 0.25/turn               C - ring of see invisible
MPRegen 0.15/turn               h - ring of poison resistance

@: about to teleport, corroded
A: horns 2, retaliatory headbutt
a: Renounce Religion, Minor Destruction, Lesser Servant of Makhleb, Major
Destruction


You were on level 10 of the Dungeon.
You worshipped Makhleb.
Makhleb was greatly pleased with you.
You visited 2 branches of the dungeon, and saw 11 of its levels.

You collected 691 gold pieces.
You spent 232 gold pieces at shops.

Inventory:

Hand Weapons
 a - a +0 mace
 x - a +0 flail
 B - the +0 whip of Kint {freeze, rElec Str+2 Int+3 Stlth+}
   (You bought it in a shop on level 4 of the Dungeon)

   It freezes those it strikes, dealing additional cold damage.
   It can also slow down cold-blooded creatures.
   Str:       It affects your strength (+2).
   Int:       It affects your intelligence (+3).
   rElec:     It insulates you from electricity.
   Stlth:     It makes you more stealthy.
 L - a +0 morningstar (weapon)
 P - a +0 arbalest
Missiles
 w - 22 poisoned darts
 K - 2 throwing nets
 N - 4 boomerangs of dispersal
 O - 6 datura-tipped darts
Armour
 b - a +0 robe
 A - a scarf of shadows
 D - a +1 robe of willpower
 F - a +0 chain mail (worn)
Jewellery
 g - a ring of protection from fire
 h - a ring of poison resistance (right hand)
 u - a ring of willpower
 C - a ring of see invisible (left hand)
 H - a +4 ring of evasion
Wands
 y - a wand of roots (9)
 M - a wand of flame (34)
Scrolls
 e - a scroll of noise {unknown}
 f - 4 scrolls of teleportation
 i - 3 scrolls of enchant weapon {unknown}
 j - 8 scrolls of identify {unknown}
 k - 2 scrolls of vulnerability {unknown}
 m - a scroll of amnesia {unknown}
 p - 4 scrolls of magic mapping {unknown}
 q - 3 scrolls of silence {unknown}
 t - a scroll of brand weapon {unknown}
 v - 3 scrolls of fog {unknown}
 z - 2 scrolls of fear {unknown}
 E - a scroll of enchant armour {unknown}
 J - a scroll of blinking {unknown}
Potions
 c - 2 potions of ambrosia
 d - a potion of invisibility {unknown}
 l - 2 potions of might
 n - 2 potions of mutation {unknown}
 o - 4 potions of haste {unknown}
 r - 3 potions of curing {unknown}
 s - a potion of cancellation {unknown}
 G - a potion of brilliance {unknown}
 I - a potion of berserk rage {unknown}
 Q - a potion of degeneration {unknown}
 R - a potion of flight {unknown}


   Skills:
 + Level 8.6 Fighting
 + Level 10.8 Maces & Flails
 + Level 5.8 Armour
 + Level 6.2 Dodging
 + Level 5.0 Stealth
 * Level 9.8 Invocations


You had 9 spell levels left.
You didn't know any spells.
Your spell library contained the following spells:

 Spells                   Type           Power      Damage    Failure   Level
 Beastly Appendage        Tmut           0%         N/A       99%         1
 Foxfire                  Conj/Fire      0%         2x1d4     99%         1
 Magic Dart               Conj           0%         1d3       99%         1
 Call Imp                 Summ           0%         N/A       100%        2
 Wereblood                Tmut           0%         N/A       100%        2
 Confusing Touch          Hex            0%         N/A       100%        3
 Conjure Flame            Conj/Fire      0%         6-21      100%        3
 Gell's Gravitas          Tloc           0%         N/A       100%        3
 Ignite Poison            Fire/Tmut/Pois 0%         N/A       100%        3
 Inner Flame              Hex/Fire       0%         N/A       100%        3
 Mephitic Cloud           Conj/Pois/Air  0%         N/A       100%        3
 Spider Form              Tmut/Pois      0%         N/A       100%        3
 Teleport Other           Tloc           0%         N/A       100%        3
 Flame Wave               Conj/Fire      0%         2d4       100%        4
 Fulminant Prism          Conj/Hex       0%         3d6       100%        4
 Iskenderun's Mystic Bla  Conj/Tloc      0%         2d3       100%        4
 Freezing Cloud           Conj/Ice/Air   0%         6-21      100%        5
 Lee's Rapid Deconstruct  Erth           0%         3d5*      100%        5
 Yara's Violent Unravell  Hex/Tmut       0%         3d3       100%        5
 Dispersal                Tloc           0%         N/A       100%        6
 Enfeeble                 Hex            0%         N/A       100%        7


Dungeon Overview and Level Annotations

Branches:
Dungeon (10/15)            Temple (1/1) D:5             Orc (0/2) D:9
   Lair: D:8-11

Altars:
Ashenzari
Cheibriados
Dithmenos
Elyvilon
Fedhas
Gozag
Hepliaklqana
Kikubaaqudgha
Makhleb
Nemelex Xobeh
Okawaru
Qazlal
Ru
Sif Muna
Trog
Uskayaw
Vehumet
Wu Jian
Xom
Yredelemnul
Zin
The Shining One

Shops:
D:3 (   D:4 (


Innate Abilities, Weirdness & Mutations

You have a pair of horns on your head.
You reflexively headbutt those who attack you in melee.


Message History

You feel better.
The wyvern bites you but does no damage.
The wyvern bites you!
You closely miss the acid dragon. Your headbutt misses the acid dragon.
Your punch misses the acid dragon.
The wyvern bites you but does no damage.
The acid dragon bites you but does no damage.
The acid dragon claws you but does no damage.
You closely miss the acid dragon. The wyvern barely misses you.
The wyvern bites you! The acid dragon barely misses you.
The acid dragon closely misses you.
You barely miss the acid dragon. Your headbutt misses the acid dragon.
The wyvern barely misses you. You furiously retaliate!
You headbutt the wyvern!
The acid dragon bites you but does no damage.
The acid dragon claws you but does no damage.
You hit the acid dragon.
You headbutt the acid dragon, but do no damage.
The acid dragon is lightly wounded.
The wyvern bites you.
The wyvern bites you but does no damage.
You hit the acid dragon.
The acid dragon is lightly wounded.
The acid dragon barely misses you. The acid dragon claws you.
The wyvern bites you.
You hit the wyvern.
The wyvern is severely wounded.
The wyvern bites you. The acid dragon bites you.
The acid dragon claws you but does no damage.
The wyvern bites you!
You barely miss the wyvern. You headbutt the wyvern.
The wyvern is almost dead.
The acid dragon spits acid at you. The splash of acid hits you!!
* * * LOW HITPOINT WARNING * * *
The acid corrodes you! The wyvern bites you!
* * * LOW HITPOINT WARNING * * *
You hear an angry hiss.
As you read the scroll of teleportation, it crumbles to dust.
You feel strangely unstable. The wyvern bites you!
You die...

.....############..##
#.......... ....##
#.## #..........
....# #.# #..........
##+## #.# #..........
### #### ###########
#####.###### .# ##
##..........##.#..#
##....###.....D...#..
####..####
###..@l...... #...###
##.###..... .#### ###
... ## . ### ### ##.#
#.# ...# #.#


You could see a wyvern and an acid dragon (catching breath).

Vanquished Creatures
  A kobold demonologist (D:10)
  2 komodo dragons (D:10)
  Psyche (D:9)
  Prince Ribbit (D:5)
  A shadow (D:9)
  8 yaks
  Sigmund (D:2)
  3 wyverns
  A water moccasin (D:6)
  An orc warrior (D:8)
  A black bear (D:7)
  A sky beast (D:7)
  2 ogres (D:5)
  2 centaurs (D:9)
  4 phantoms
  2 kobold brigands
  A bullfrog (D:8)
  5 scorpions
  A necrophage (D:5)
  13 wights
  3 killer bees (D:10)
  5 howler monkeys
  A gnoll bouda (D:6)
  5 orc priests
  2 hounds
  2 iguanas
  Ijyb (D:4)
  Natasha (twice) (D:4)
  12 orc wizards
  4 ogre zombies (D:9)
  9 gnolls (D:6)
  5 adders
  A shadow imp (D:7)
  3 white imps
  An ufetubus (D:6)
  A worm zombie (D:7)
  A worm (D:5)
  A dart slug (D:2)
  32 orcs
  4 ball pythons
  4 bats
  5 endoplasms
  4 giant cockroaches
  6 goblins
  3 hobgoblins
  2 jackals (D:3)
  2 quokkas
  4 frilled lizards
  2 goblin zombies (D:9)
  A hobgoblin skeleton (D:9)
  A hobgoblin zombie (D:9)
  18 kobolds
  An orc skeleton (D:9)
  5 orc zombies
  6 rats
211 creatures vanquished.

Vanquished Creatures (collateral kills)
  2 shadows (D:9)
  A yak (D:7)
  Menkaure (D:7)
  An orc warrior (D:7)
  3 wights (D:7)
  A troll zombie (D:9)
  An orc priest (D:9)
  An ogre zombie (D:9)
  3 orcs (D:7)
  4 hobgoblin zombies (D:9)
  6 orc zombies (D:9)
24 creatures vanquished.

Grand Total: 235 creatures vanquished

Notes
Turn   | Place    | Note
-------+----------+-------------------------------------------
     0 | D:1      | greenreed the Minotaur Monk began the quest for the Orb.
     0 | D:1      | Reached XP level 1. HP: 19/19 MP: 0/0
    49 | D:1      | Found a faded altar of an unknown god.
   334 | D:1      | Reached XP level 2. HP: 27/27 MP: 1/1
   597 | D:1      | Reached skill level 4 in Maces & Flails
   872 | D:2      | Noticed a scorpion
   881 | D:2      | Killed a scorpion
   882 | D:2      | Reached XP level 3. HP: 12/34 MP: 2/2
   882 | D:2      | Reached XP level 4. HP: 15/41 MP: 3/3
  1255 | D:2      | Noticed Sigmund
  1268 | D:2      | Killed Sigmund
  1269 | D:2      | Reached skill level 5 in Fighting
  1269 | D:2      | Reached skill level 5 in Maces & Flails
  1269 | D:2      | Reached XP level 5. HP: 19/48 MP: 4/4
  1763 | D:3      | Found Wanonony's Weapon Emporium.
  1792 | D:3      | Reached XP level 6. HP: 53/56 MP: 5/5
  2080 | D:3      | Reached skill level 6 in Maces & Flails
  2144 | D:3      | Found a blossoming altar of Fedhas.
  2289 | D:4      | Noticed Ijyb
  2291 | D:4      | Killed Ijyb
  2910 | D:4      | Found a shimmering blue altar of Sif Muna.
  3136 | D:4      | Noticed Natasha
  3154 | D:4      | Killed Natasha
  3155 | D:4      | Reached XP level 7. HP: 30/61 MP: 6/6
  3283 | D:4      | Noticed Natasha
  3294 | D:4      | Killed Natasha
  3470 | D:4      | Reached skill level 7 in Maces & Flails
  3470 | D:4      | Reached skill level 5 in Dodging
  3596 | D:4      | Found Ekhucw's Antique Weapon Emporium.
  3603 | D:4      | Bought a fading whip for 232 gold pieces
  3603 | D:4      | Identified the +0 whip of Kint {freeze, rElec Str+2 Int+3
                  | Stlth+} (You bought it in a shop on level 4 of the Dungeon)
  3819 | D:5      | Entered Level 5 of the Dungeon
  4131 | D:5      | Noticed Prince Ribbit
  4143 | D:5      | Killed Prince Ribbit
  4144 | D:5      | Reached XP level 8. HP: 41/71 MP: 7/7
  4362 | D:5      | Reached skill level 8 in Maces & Flails
  4836 | D:5      | Found a staircase to the Ecumenical Temple.
  4842 | Temple   | Entered the Ecumenical Temple
  4928 | Temple   | Became a worshipper of Makhleb the Destroyer
  4928 | Temple   | Reached * piety under Makhleb
  4928 | Temple   | Reached ** piety under Makhleb
  5086 | D:6      | Reached skill level 1 in Invocations
  5187 | D:6      | Reached skill level 9 in Maces & Flails
  5279 | D:6      | Reached skill level 5 in Stealth
  5713 | D:6      | Reached XP level 9. HP: 32/79 MP: 10/10
  6501 | D:7      | Reached skill level 5 in Invocations
  6619 | D:7      | Reached *** piety under Makhleb
  6674 | D:7      | Noticed Menkaure
  6699 | D:7      | Killed Menkaure
  6849 | D:7      | Reached skill level 1 in Armour
  8529 | D:8      | Reached XP level 10. HP: 60/88 MP: 14/14
  8541 | D:7      | HP: 3/88 [yak (8)]
  9420 | D:9      | Noticed Psyche
  9429 | D:9      | Killed Psyche
  9772 | D:9      | Reached skill level 10 in Maces & Flails
  9781 | D:9      | Reached skill level 5 in Armour
  9948 | D:9      | Found a staircase to the Orcish Mines.
 10038 | D:9      | Reached **** piety under Makhleb
 10992 | D:10     | Entered Level 10 of the Dungeon
 11957 | D:10     | Found a glowing golden altar of the Shining One.
 12081 | D:10     | Slain by a wyvern

Illustrated notes

Levels and vault maps discovered:
D:1:      shiori_shiawase, layout_basic, basic_ecumenical_altar
D:2:      layout_rooms, uniq_sigmund
D:3:      layout_rooms, fedhas_altar_4, serial_shops,
          nicolae_shop_bloodbath_and_beyond, amcnicky_mini_pool_small
D:4:      layout_gridville, mainiacjoe_overflow_24_doors, serial_shops,
          kennysheep_little_box, uniq_natasha, uniq_ijyb
D:5:      layout_basic, minmay_temple_entry_enclosed_plants, uniq_prince_ribbit1
D:6:      layout_basic
D:7:      layout_basic, enter_ossuary_3, uniq_menkaure
D:8:      layout_gridville
D:9:      layout_irregular_city, zombieorc1_lemuel, kennysheep_cross_bottleneck,
          uniq_psyche
D:10:     layout_roguey, lemuel_tele_altar, erik_lair_dragon,
          hangedman_decor_clover_reticule
Temple:   nicolae_temple_bog_church

Skill      XL: |  1  2  3  4  5  6  7  8  9 10 |
---------------+-------------------------------+-----
Fighting       | 4 5 6 7 8 |  8.6
Maces & Flails | 4 5 6 7 9 10 | 10.8
Stealth        | 2 3 4 5 |  5.0
Dodging        | 4 5 6 |  6.2
Invocations    | 3 7 9 |  9.8
Armour         | 3 5 |  5.8

Action                   |  1- 3 |  4- 6 |  7- 9 | 10-12 || total
-------------------------+-------+-------+-------+-------++-------
Melee: Mace              |    35 |    68 |       |       ||   103
       Headbutt          |     7 |    25 |    72 |    32 ||   136
       Punch             |     1 |     2 |     7 |     1 ||    11
       Flail             |       |    53 |    21 |       ||    74
       Whip              |       |       |   263 |    34 ||   297
       Morningstar       |       |       |     3 |    95 ||    98
Invok: Minor Destruction |       |       |    92 |    73 ||   165
       Lesser Servant of |       |       |     2 |     3 ||     5
  Use: Scroll            |       |       |     1 |     1 ||     2
 Stab: Sleeping          |     4 |     4 |     6 |       ||    14
       Distracted        |       |     1 |       |       ||     1
Armor: Robe              |     3 |    12 |     6 |       ||    21
       Chain mail        |       |       |    56 |    47 ||   103
Dodge: Dodged            |    26 |    80 |   129 |    58 ||   293

Table legend: (Time is in decaauts)
 A = Elapsed time spent in this place.
 B = Non-inter-level travel time spent in this place.
 C = Inter-level travel time spent in this place.
 D = Time resting spent in this place.
 E = Time spent auto-exploring this place.
 F = Levels seen in this place.
 G = Mean time per level.
                   A        B        C        D        E       F      G
               +--------+--------+--------+--------+--------+-----+--------+
         Total |  11987 |  11519 |    468 |   1477 |   8210 |  11 | 1089.7 |
       Dungeon |  11882 |  11431 |    451 |   1477 |   8139 |  10 | 1188.2 |
        Temple |    105 |     88 |     17 |      0 |     71 |   1 |  105.0 |
               +--------+--------+--------+--------+--------+-----+--------+

Top non-repeatable levels by time:
     D:7: 1938 daAuts
     D:9: 1565 daAuts
     D:6: 1372 daAuts
     D:4: 1316 daAuts
    D:10: 1087 daAuts
     D:8: 1045 daAuts
     D:5: 1034 daAuts
     D:2: 875 daAuts
     D:1: 873 daAuts
     D:3: 772 daAuts
  Temple: 105 daAuts
